 Dungeon Crawl Stone Soup version 0.18.1-48-g4cf74bf (webtiles) character file.

305 nikopol the Chopper (level 6, -1/82 HPs)
             Began as a Minotaur Berserker on Sept 5, 2016.
             Was a Priest of Trog.
             Slain by Grinder (4 damage)
             ... on level 3 of the Dungeon.
             The game lasted 00:06:21 (2016 turns).

nikopol the Chopper (Minotaur Berserker)            Turns: 2016, Time: 00:06:21

Health: -1/82      AC:  7    Str: 27    XL:     6   Next: 16%
Magic:  5/5        EV: 11    Int:  4    God:    Trog [***...]
Gold:   128        SH:  0    Dex: 11    Spells: 0 memorised, 5 levels left

rFire  . . .     SeeInvis .     a - +0 hand axe
rCold  . . .     Gourm    .     p - +0 scale mail
rNeg   . . .     Faith    .     (no shield)
rPois  .         Spirit   .     (helmet restricted)
rElec  .         Dismiss  .     (no cloak)
rCorr  .         Reflect  .     (no gloves)
SustAt .         Harm     .     (no boots)
MR     .....                    (no amulet)
Stlth  ..........               (no ring)
                                (no ring)

@: berserking, very quick, not resistant to hostile enchantments, extremely
unstealthy
A: retaliatory headbutt, horns 2
a: Berserk, Trog's Hand, Burn Spellbooks, Renounce Religion


You were on level 3 of the Dungeon.
You worshipped Trog.
Trog was most pleased with you.
You were not hungry.

You visited 1 branch of the dungeon, and saw 3 of its levels.

You collected 128 gold pieces.

Inventory:

Hand Weapons
 a - a +0 hand axe (weapon)
Missiles
 s - 23 arrows (quivered)
Armour
 b - a +0 animal skin
 p - a +0 scale mail (worn)
Jewellery
 j - a +3 ring of intelligence {unknown}
 n - an uncursed amulet of magic regeneration {unknown}
 r - a +1 ring of evasion {unknown}
Scrolls
 d - 3 scrolls of identify {unknown}
 e - a scroll of enchant weapon {unknown}
 h - a scroll of recharging {unknown}
 k - 2 scrolls of remove curse {unknown}
 t - a scroll of fear {unknown}
Potions
 i - a potion of cancellation {unknown}
 l - 2 potions of brilliance {unknown}
 o - a potion of curing {unknown}
 q - 2 potions of might {unknown}
Comestibles
 c - 3 bread rations
 f - 3 slices of pizza
 g - 3 fruits
 m - 7 chunks of flesh


   Skills:
 + Level 4.9 Fighting
 + Level 5.4 Axes
 + Level 4.5 Armour
 + Level 3.9 Dodging


You had 5 spell levels left.
You didn't know any spells.

Dungeon Overview and Level Annotations

Branches:
Dungeon (3/15)

Altars:

Annotations:
D:3 Grinder


Innate Abilities, Weirdness & Mutations

You reflexively headbutt those who attack you in melee.
You have a pair of horns on your head.


Message History

You can move again.
You barely miss Grinder. Your headbutt misses Grinder.
Grinder is heavily wounded.
Grinder hits you!
* * * LOW HITPOINT WARNING * * *
You writhe in agony.
* * * LOW HITPOINT WARNING * * *
A red film seems to cover your vision as you go berserk!
You feel yourself moving faster!
You feel mighty!
You feel quite a bit more hungry.
Grinder says, "You look like you could use a good racking."
Grinder closely misses you.
You hit Grinder.
Grinder is heavily wounded.
Grinder hits you!
* * * LOW HITPOINT WARNING * * *
You barely miss Grinder.
Grinder is heavily wounded.
Grinder hits you.
You die...

.....#........
................
.....#.##...###
#########.......
....##....#.... #.......
)......## ####. #.......
.......# #. ########
.....### #.## .....#
#..# .....########
#5########
...#...)....###.@......#
###########............#
########.....# #######


You could see Grinder.

Vanquished Creatures
  An ogre (D:3)
  An orc wizard (D:3)
  Ijyb (D:2)
  9 adders
  2 oozes (D:3)
  An adder zombie (D:3)
  A worm (D:3)
  2 dart slugs (D:1)
  3 giant geckos
  7 orcs (D:3)
  6 bats
  5 giant cockroaches
  4 goblins
  6 hobgoblins
  8 kobolds
  2 quokkas
  A ball python (D:1)
  8 giant newts
  4 rats
72 creatures vanquished.

Notes
Turn   | Place    | Note
--------------------------------------------------------------
     0 | D:1      | nikopol the Minotaur Berserker began the quest for the Orb.
     0 | D:1      | Reached XP level 1. HP: 19/19 MP: 0/0
    37 | D:1      | Reached XP level 2. HP: 24/27 MP: 1/1
   265 | D:1      | Reached skill level 4 in Axes
   570 | D:1      | Reached XP level 3. HP: 32/33 MP: 2/2
   695 | D:2      | Reached ** piety under Trog
   897 | D:2      | Noticed Ijyb
   910 | D:2      | Killed Ijyb
   910 | D:2      | Reached XP level 4. HP: 35/40 MP: 3/3
  1680 | D:3      | Reached XP level 5. HP: 47/47 MP: 4/4
  1805 | D:3      | Reached *** piety under Trog
  1805 | D:3      | Reached skill level 5 in Axes
  1859 | D:3      | Noticed an ogre
  1864 | D:3      | Killed an ogre
  1864 | D:3      | Reached XP level 6. HP: 50/55 MP: 5/5
  1988 | D:3      | Noticed Grinder
  2006 | D:3      | Paralysed by Grinder for 7 turns
  2015 | D:3      | HP: 3/82 [Grinder (7)]
  2016 | D:3      | Slain by Grinder

Skill      XL: |  1  2  3  4  5 |
---------------+----------------+-----
Axes           | 4 5 |  5.4
Fighting       | 4 |  4.9
Armour         | 3 4 |  4.5
Dodging        | 3 |  3.9

Action                   |  1- 3 |  4- 6 || total
-------------------------+-------+-------++-------
Melee: Hand axe          |    72 |    88 ||   160
       Headbutt          |    14 |    15 ||    29
Invok: Berserk           |     1 |     2 ||     3
 Stab: Sleeping          |     1 |       ||     1
  Eat: Chunk             |       |     6 ||     6
Armor: Animal skin       |     7 |     7 ||    14
       Scale mail        |       |    17 ||    17
Dodge: Dodged            |    36 |    44 ||    80
